NCAA
TEXAS TECH RED RAIDERS @ OREGON STATE BEAVERS
04/10/2030
 
TOP OF THE 1ST
Texas Tech Red Raiders batting - Pitching for Oregon State Beavers : RHP Palmer Sims
Pitching: RHP Palmer Sims
Batting: RHB Terrence Schneider 0-0: Called Strike
0-1: Foul Ball, location: 2F
0-2: Ball
1-2: Foul Ball, location: 2F
1-2: Strikes out swinging
Batting: RHB Júlio Gómez 0-0: Ball
1-0: Foul Ball, location: 2F
1-1: Called Strike
1-2: Fly out, F9 (Flyball, 9LS)
Batting: LHB Marshall Dunn 0-0: Called Strike
0-1: Called Strike
0-2: Ball
1-2: Fly out, F8 (Flyball, 8RM)
Top of the 1st over - 0 runs, 0 hits, 0 errors, 0 left on base; Texas Tech 0 - Oregon State 0
BOTTOM OF THE 1ST
Oregon State Beavers batting - Pitching for Texas Tech Red Raiders : RHP Mario Montés
Pitching: RHP Mario Montés
Batting: LHB Fernando García 0-0: Foul Ball, location: 2F
0-1: Bunt for hit - play at first, batter OUT! 3-4
Batting: LHB Guillermo Peña 0-0: Ball
1-0: Foul Ball, location: 2F
1-1: Ground out 6-3 (Groundball, 6)
Batting: SHB Brandon Hathaway 0-0: Ball
1-0: Ball
2-0: Fly out, F8 (Flyball, 78D)
Bottom of the 1st over - 0 runs, 0 hits, 0 errors, 0 left on base; Texas Tech 0 - Oregon State 0
TOP OF THE 2ND
Texas Tech Red Raiders batting - Pitching for Oregon State Beavers : RHP Palmer Sims
Batting: SHB Manuel Hernández 0-0: Ball
1-0: Called Strike
1-1: Ball
2-1: Foul Ball, location: 2F
2-2: Strikes out looking
Batting: RHB Lorenzo Hernández 0-0: Ball
1-0: Swinging Strike
1-1: Swinging Strike
1-2: Strikes out swinging
Batting: RHB Bobby Santiago 0-0: Called Strike
0-1: Called Strike
0-2: Ball
1-2: Strikes out looking
Top of the 2nd over - 0 runs, 0 hits, 0 errors, 0 left on base; Texas Tech 0 - Oregon State 0
BOTTOM OF THE 2ND
Oregon State Beavers batting - Pitching for Texas Tech Red Raiders : RHP Mario Montés
Batting: RHB Bert Smith 0-0: Called Strike
0-1: Ball
1-1: Called Strike
1-2: Ground out 4-3 (Groundball, 34)
Batting: LHB Drew Morris 0-0: Ball
1-0: Swinging Strike
1-1: Ball
2-1: Ball
3-1: Called Strike
3-2: Base on Balls
Batting: RHB Julius Sears 0-0: Ball
Drew Morris steals 2nd base
1-0: Ground out 5-3 (Groundball, 56)
Batting: LHB Joe Davis 0-0: Called Strike
0-1: SINGLE (Groundball, 34D)
Drew Morris to third
Runner from 3rd tries for Home, throw and OUT!
Bottom of the 2nd over - 0 runs, 1 hit, 0 errors, 1 left on base; Texas Tech 0 - Oregon State 0
TOP OF THE 3RD
Texas Tech Red Raiders batting - Pitching for Oregon State Beavers : RHP Palmer Sims
Batting: RHB Johnathan Williams 0-0: Ball
1-0: Ground out 6-3 (Groundball, 6)
Batting: RHB Alexander McMillan 0-0: SINGLE (Groundball, 56D)
Batting: RHB Bob Hyde 0-0: DOUBLE (Groundball, 5L)
Alexander McMillan to third
Runner from 3rd tries for Home, SAFE, no throw
Batting: RHB Terrence Schneider 0-0: Ball
1-0: Ground out 1-3 (Groundball, 13S)
Bob Hyde to third
Batting: RHB Júlio Gómez 0-0: Ball
1-0: Swinging Strike
1-1: Called Strike
1-2: Strikes out swinging
Top of the 3rd over - 1 run, 2 hits, 0 errors, 1 left on base; Texas Tech 1 - Oregon State 0
BOTTOM OF THE 3RD
Oregon State Beavers batting - Pitching for Texas Tech Red Raiders : RHP Mario Montés
Batting: RHB Ed Edmonds 0-0: SINGLE (Flyball, 34D)
Batting: RHB Ray Picot 0-0: Ball
1-0: Foul Ball, location: 2F
1-1: Called Strike
1-2: Strikes out looking
Batting: LHB Fernando García 0-0: Ball
1-0: Ball
2-0: Called Strike
2-1: Fly out, F6 (Line Drive, 6M)
Batting: LHB Guillermo Peña 0-0: Called Strike
0-1: Ball
1-1: Fly out, F9 (Flyball, 9LDF)
Bottom of the 3rd over - 0 runs, 1 hit, 0 errors, 1 left on base; Texas Tech 1 - Oregon State 0
TOP OF THE 4TH
Texas Tech Red Raiders batting - Pitching for Oregon State Beavers : RHP Palmer Sims
Batting: LHB Marshall Dunn 0-0: Called Strike
0-1: Ball
1-1: Foul Ball, location: 2F
1-2: Foul Ball, location: 2F
1-2: Ball
2-2: Ball
3-2: Base on Balls
Batting: SHB Manuel Hernández 0-0: Ball
1-0: DOUBLE (Line Drive, 9LM)
Marshall Dunn to third
Batting: RHB Lorenzo Hernández 0-0: Called Strike
0-1: Foul Ball, location: 2F
0-2: Foul Ball, location: 2F
0-2: Strikes out swinging
Batting: RHB Bobby Santiago 0-0: SINGLE (Groundball, 56D)
Marshall Dunn scores
Manuel Hernández to third
Runner from 3rd tries for Home, SAFE, no throw
Batting: RHB Johnathan Williams 0-0: Ball
1-0: Called Strike
1-1: Ball
2-1: Swinging Strike
2-2: Strikes out swinging
Batting: RHB Alexander McMillan 0-0: Ball
Bobby Santiago steals 2nd base
1-0: Called Strike
1-1: SINGLE (Groundball, 56D)
Bobby Santiago to third
Runner from 3rd tries for Home, SAFE, no throw
Batting: RHB Bob Hyde 0-0: Fielders Choice at 2nd, 6-4 (Groundball, 6)
Top of the 4th over - 3 runs, 3 hits, 0 errors, 1 left on base; Texas Tech 4 - Oregon State 0
BOTTOM OF THE 4TH
Oregon State Beavers batting - Pitching for Texas Tech Red Raiders : RHP Mario Montés
Batting: SHB Brandon Hathaway 0-0: Called Strike
0-1: Ball
1-1: Foul Ball, location: 2F
1-2: Foul Ball, location: 2F
1-2: Strikes out looking
Batting: RHB Bert Smith 0-0: Called Strike
0-1: Ball
1-1: DOUBLE (Line Drive, 9LS)
Batting: LHB Drew Morris 0-0: Ground out 6-3 (Groundball, 6)
Batting: RHB Julius Sears 0-0: Called Strike
0-1: Called Strike
0-2: Ball
1-2: Foul Ball, location: 2F
1-2: Ball
2-2: Strikes out looking
Bottom of the 4th over - 0 runs, 1 hit, 0 errors, 1 left on base; Texas Tech 4 - Oregon State 0
TOP OF THE 5TH
Texas Tech Red Raiders batting - Pitching for Oregon State Beavers : RHP Palmer Sims
Batting: RHB Terrence Schneider 0-0: Ball
1-0: Called Strike
1-1: Fly out, F4 (Line Drive, 4)
Batting: RHB Júlio Gómez 0-0: Ground out 4-3 (Groundball, 4)
Batting: LHB Marshall Dunn 0-0: Ball
1-0: Ground out 4-3 (Groundball, 4)
Top of the 5th over - 0 runs, 0 hits, 0 errors, 0 left on base; Texas Tech 4 - Oregon State 0
BOTTOM OF THE 5TH
Oregon State Beavers batting - Pitching for Texas Tech Red Raiders : RHP Mario Montés
Batting: LHB Joe Davis 0-0: Ball
1-0: Called Strike
1-1: Called Strike
1-2: Ball
2-2: Strikes out swinging
Batting: RHB Ed Edmonds 0-0: Foul Ball, location: 2F
0-1: Foul Ball, location: 2F
0-2: Ball
1-2: Ball
2-2: SINGLE (Flyball, 89S)
Batting: RHB Ray Picot 0-0: Fly out, F4 (Line Drive, 4)
Batting: LHB Fernando García 0-0: Called Strike
Ed Edmonds steals 2nd base
0-1: Ball
1-1: Called Strike
1-2: Ball
2-2: Foul Ball, location: 2F
2-2: Foul Ball, location: 2F
2-2: Ball
3-2: Foul Ball, location: 2F
3-2: Foul Ball, location: 2F
3-2: Base on Balls
Batting: LHB Guillermo Peña 0-0: Ball
1-0: Ball
2-0: Swinging Strike
2-1: Foul Ball, location: 2F
2-2: Ground out 4-3 (Groundball, 4)
Bottom of the 5th over - 0 runs, 1 hit, 0 errors, 2 left on base; Texas Tech 4 - Oregon State 0
TOP OF THE 6TH
Texas Tech Red Raiders batting - Pitching for Oregon State Beavers : RHP Palmer Sims
Batting: SHB Manuel Hernández 0-0: Ball
1-0: Ball
2-0: Ball
3-0: Called Strike
3-1: Foul Ball, location: 2F
3-2: Foul Ball, location: 2F
3-2: Foul Ball, location: 2F
3-2: Base on Balls
Batting: RHB Lorenzo Hernández 0-0: Ball
1-0: Called Strike
1-1: SINGLE (Flyball, 78M)
Manuel Hernández to second
Pitching: LHP Fernando García
Batting: RHB Bobby Santiago 0-0: Foul Ball, location: 2F
0-1: Ball
1-1: Ground out 4-3 (Groundball, 4S)
Manuel Hernández to third
Lorenzo Hernández to second
Batting: RHB Johnathan Williams 0-0: Ball
1-0: Ball
2-0: Called Strike
2-1: Fly out, F7 (Flyball, 7LM)
Runner from 3rd tags up, SCORES, throw made
Batting: RHB Alexander McMillan 0-0: Ball
1-0: Called Strike
1-1: SINGLE (Groundball, 56D)
Lorenzo Hernández to third
Runner from 3rd tries for Home, SAFE, no throw
Batting: RHB Bob Hyde 0-0: Ground out 4-3 (Groundball, 34)
Top of the 6th over - 2 runs, 2 hits, 0 errors, 1 left on base; Texas Tech 6 - Oregon State 0
BOTTOM OF THE 6TH
Oregon State Beavers batting - Pitching for Texas Tech Red Raiders : RHP Mario Montés
Batting: SHB Brandon Hathaway 0-0: Ball
1-0: Ground out U3 (Groundball, 34)
Batting: RHB Bert Smith 0-0: Foul Ball, location: 2F
0-1: Called Strike
0-2: Ball
1-2: Ground out 4-3 (Groundball, 4)
Batting: LHB Drew Morris 0-0: Fly out, F8 (Flyball, 8LD)
Bottom of the 6th over - 0 runs, 0 hits, 0 errors, 0 left on base; Texas Tech 6 - Oregon State 0
TOP OF THE 7TH
Texas Tech Red Raiders batting - Pitching for Oregon State Beavers : LHP Fernando García
Batting: RHB Terrence Schneider 0-0: SOLO HOME RUN (Flyball, 7D), Distance : 344 ft
Batting: RHB Júlio Gómez 0-0: Ball
1-0: Foul Ball, location: 2F
1-1: Ball
2-1: Foul Ball, location: 2F
2-2: SINGLE (Groundball, 4MD)
Batting: LHB Marshall Dunn 0-0: Foul Ball, location: 2F
0-1: Ball
1-1: Called Strike
1-2: Ball
2-2: Ball
3-2: Base on Balls
Júlio Gómez to second
Batting: SHB Manuel Hernández 0-0: Ball
1-0: Ball
2-0: Foul Ball, location: 2F
2-1: Called Strike
2-2: Strikes out swinging
Batting: RHB Lorenzo Hernández 0-0: Called Strike
0-1: Grounds into double play, U3-6 (Groundball, 3L)
Top of the 7th over - 1 run, 2 hits, 0 errors, 1 left on base; Texas Tech 7 - Oregon State 0
BOTTOM OF THE 7TH
Oregon State Beavers batting - Pitching for Texas Tech Red Raiders : RHP Mario Montés
Pitching: RHP Richard McGinnity
Batting: RHB Julius Sears 0-0: Called Strike
0-1: Ground out 6-3 (Groundball, 6)
Batting: LHB Joe Davis 0-0: Ball
1-0: Ball
2-0: Ball
3-0: Base on Balls
Batting: RHB Ed Edmonds 0-0: Called Strike
0-1: Called Strike
0-2: Fly out, F9 (Flyball, 9LSF)
Batting: RHB Ray Picot 0-0: Fielders Choice at 2nd, 5-4 (Groundball, 56)
Bottom of the 7th over - 0 runs, 0 hits, 0 errors, 1 left on base; Texas Tech 7 - Oregon State 0
TOP OF THE 8TH
Texas Tech Red Raiders batting - Pitching for Oregon State Beavers : LHP Fernando García
Batting: RHB Bobby Santiago 0-0: Ball
1-0: Foul Ball, location: 2F
1-1: Ball
2-1: Foul Ball, location: 2F
2-2: Foul Ball, location: 2F
2-2: Strikes out looking
Batting: RHB Johnathan Williams 0-0: Ball
1-0: Ground out 6-3 (Groundball, 6)
Batting: RHB Alexander McMillan 0-0: Foul Ball, location: 2F
0-1: Ball
1-1: Ball
2-1: Foul Ball, location: 2F
2-2: Ball
3-2: Base on Balls
Batting: RHB Bob Hyde 0-0: Swinging Strike
0-1: Ball
1-1: Ball
2-1: Swinging Strike
2-2: Foul Ball, location: 2F
2-2: Strikes out looking
Top of the 8th over - 0 runs, 0 hits, 0 errors, 1 left on base; Texas Tech 7 - Oregon State 0
BOTTOM OF THE 8TH
Oregon State Beavers batting - Pitching for Texas Tech Red Raiders : RHP Richard McGinnity
Batting: LHB Fernando García 0-0: Swinging Strike
0-1: Swinging Strike
0-2: Strikes out swinging
Batting: LHB Guillermo Peña 0-0: Foul Ball, location: 2F
0-1: Ball
1-1: Called Strike
1-2: Foul Ball, location: 2F
1-2: Strikes out swinging
Batting: SHB Brandon Hathaway 0-0: Ball
1-0: Ball
2-0: Foul Ball, location: 2F
2-1: SINGLE (Groundball, 6D)
Batting: RHB Bert Smith 0-0: Ball
1-0: Foul Ball, location: 2F
1-1: Ball
2-1: Swinging Strike
2-2: Foul Ball, location: 2F
2-2: Foul Ball, location: 2F
2-2: Ball
3-2: Foul Ball, location: 2F
3-2: Strikes out looking
Bottom of the 8th over - 0 runs, 1 hit, 0 errors, 1 left on base; Texas Tech 7 - Oregon State 0
TOP OF THE 9TH
Texas Tech Red Raiders batting - Pitching for Oregon State Beavers : LHP Fernando García
Pitching: LHP Carroll O'Donovan
Batting: RHB Terrence Schneider 0-0: Called Strike
0-1: Ball
1-1: Ball
2-1: Ball
3-1: Base on Balls
Batting: RHB Júlio Gómez 0-0: Reached on error, E5 (Groundball, 56)
Terrence Schneider to second
Batting: LHB Marshall Dunn 0-0: Called Strike
0-1: SINGLE (Flyball, 8RM)
Terrence Schneider to third
Júlio Gómez to second
Batting: SHB Manuel Hernández 0-0: Foul Ball, location: 2F
0-1: Ball
1-1: Ball
2-1: Ball
3-1: Base on Balls
Terrence Schneider scores
Júlio Gómez to third
Marshall Dunn to second
Batting: RHB Lorenzo Hernández 0-0: Ball
1-0: Swinging Strike
1-1: Swinging Strike
1-2: Strikes out swinging
Batting: RHB Bobby Santiago 0-0: Ball
1-0: Ball
2-0: Foul Ball, location: 2F
2-1: SINGLE (Line Drive, 8RS)
Júlio Gómez scores
Marshall Dunn to third
Manuel Hernández to second
Batting: RHB Johnathan Williams 0-0: Called Strike
0-1: Ball
1-1: Ball
2-1: Grounds into double play, 6-4-3 (Groundball, 6)
Top of the 9th over - 2 runs, 2 hits, 1 error, 2 left on base; Texas Tech 9 - Oregon State 0
BOTTOM OF THE 9TH
Oregon State Beavers batting - Pitching for Texas Tech Red Raiders : RHP Richard McGinnity
Batting: LHB Drew Morris 0-0: Ball
1-0: Swinging Strike
1-1: Swinging Strike
1-2: Ball
2-2: Ball
3-2: Base on Balls
Batting: RHB Julius Sears 0-0: Ball
1-0: Ball
2-0: Grounds into double play, 6-4-3 (Groundball, 6)
Batting: LHB Joe Davis 0-0: Ball
1-0: Ball
2-0: SINGLE (Flyball, 7S)
Batting: RHB Ed Edmonds 0-0: Ball
1-0: Foul Ball, location: 2F
1-1: Foul Ball, location: 2F
1-2: SINGLE (Line Drive, 4D)
Joe Davis to second
Batting: RHB Ray Picot 0-0: Called Strike
0-1: Fly out, F8 (Flyball, 8RD)
Bottom of the 9th over - 0 runs, 2 hits, 0 errors, 2 left on base; Texas Tech 9 - Oregon State 0
Saturday, April 7th, 2018 - OOTP Baseball 18.8 Build 76